 Dungeon Crawl Stone Soup version 0.18-a0-1147-g8e8348b (webtiles) character file.

85 Duffy the Conjurer (level 4, -1/24 HPs)
             Began as a Deep Elf Conjurer on Jan 22, 2016.
             Slain by Pikel
             ... wielding a +1 whip of flaming
              (7 damage)
             ... on level 4 of the Dungeon.
             The game lasted 00:01:43 (1008 turns).

Duffy the Conjurer (Deep Elf Conjurer)              Turns: 1008, Time: 00:01:43

Health: -1/24      AC:  2    Str:  5    XL:     4   Next: 25%
Magic:  12/12      EV: 13    Int: 21    God:
Gold:   63         SH:  0    Dex: 15    Spells: 3 memorised, 5 levels left

rFire  . . .     SeeInvis +     (no weapon)
rCold  . . .     Gourm    .     a - +0 robe
rNeg   . . .     Faith    .     (no shield)
rPois  .         Spirit   .     (no helmet)
rElec  .         Dismiss  .     (no cloak)
rCorr  .         Reflect  .     (no gloves)
SustAt .         Harm     .     (no boots)
MR     .....                    j - amulet of rage
Stlth  ++........               (no ring)
                                l - ring of see invisible

@: not resistant to hostile enchantments, unstealthy
A: no striking features
a: Evoke Berserk Rage


You were on level 4 of the Dungeon.
You were not hungry.

You visited 1 branch of the dungeon, and saw 5 of its levels.

You collected 63 gold pieces.


   Skills:
 - Level 2.4 Dodging
 - Level 2.4 Stealth
 + Level 4.9 Spellcasting
 + Level 5.4 Conjurations


You had 5 spell levels left.
You knew the following spells:

 Your Spells              Type           Power        Failure   Level  Hunger
a - Magic Dart            Conj           ####         1%          1    None
l - Iskenderun's Mystic   Conj           ####....     14%         4    ####...
s - Searing Ray           Conj           ####..       1%          2    None

Inventory:

Armour
 a - a +0 robe (worn)
Jewellery
 j - an amulet of rage (around neck)
 l - a ring of see invisible (left hand)
Wands
 i - a wand of polymorph (7/24)
 m - a wand of random effects (25/48)
Scrolls
 e - a scroll of identify {unknown}
 f - a scroll of remove curse {unknown}
 g - a scroll of enchant weapon {unknown}
 h - a scroll of fog {unknown}
 k - a scroll of amnesia {unknown}
Potions
 n - a potion of flight {unknown}
Books
 b - a book of Conjurations
Comestibles
 c - 2 bread rations
 d - 2 fruits

Dungeon Overview and Level Annotations

Branches:
Dungeon (5/15)
 Temple: D:4-7

Altars:

Annotations:
D:4 Borgoz's ghost, amateur KoBe; Pikel


Message History

You open the door.
Found a stone staircase leading down.
There is an open door here.
Found 29 arrows.
You see here 29 arrows.
Found 23 sling bullets.
You now have 63 gold pieces (gained 12).
You see here 23 sling bullets.
g - a scroll labeled SOMOYM XIXEE You open the door.
Found 6 needles of sleeping.
There is an open door here.
You open the door.
There is an open door here.
There is an open door here.
There is an open door here.
You open the door.
Found a stone staircase leading down.
There is an open door here.
Borgoz's ghost (amateur Kobold Berserker) comes into view.
It is wielding a weapon of speed.
Found a scroll labeled NASCHO USOXIU and a scroll labeled LUMUANAULI.
There is a stone staircase leading down here.
You climb downwards. 4 slaves, Pikel and a skeleton come into view.
Pikel shouts!
The slave shouts! x4
Found a bubbling inky potion.
Found a stone staircase leading up.
There is a stone staircase leading up here.
Pikel hits you with a whip of flaming. Pikel burns you.
You climb upwards.
Level annotation: Borgoz's ghost, amateur KoBe
There is a stone staircase leading down here.
Pikel hits you with a whip of flaming! Pikel burns you.
Borgoz's ghost yells, "Who would have thought, even in death it is a pleasure to sever!"
You open the door. Pikel hits you with a whip of flaming!
You die...

...## .. ....# .....##+## ..###
......#...# .## ### ......#...#
.# #.#+# .........# .# #...
.....~..### .#
#..##########.~}...># ### .##
##.......#.....~~~...#..?.
..#####........'@K.W.......'.....
...............#....#......#.....
...###...###(..###..#..W...######
.....#...###...###..##'##......
.....#...+..............#.?....
.....'>..#..............#......#
.....#...#..............#......#
.....#...#..............#......#
######...#..............# ....


You could see Pikel and Borgoz's ghost.

Action                   |  1- 3 |  4- 6 || total
-------------------------+-------+-------++-------
Melee: Unarmed           |     5 |       ||     5
 Cast: Magic Dart        |    44 |       ||    44
       Searing Ray       |     3 |       ||     3

Notes
Turn   | Place    | Note
--------------------------------------------------------------
     0 | D:1      | Duffy the Deep Elf Conjurer began the quest for the Orb.
     0 | D:1      | Reached XP level 1. HP: 10/10 MP: 6/6
   206 | D:1      | Reached XP level 2. HP: 15/15 MP: 4/8
   309 | D:1      | Learned a level 2 spell: Searing Ray
   525 | D:2      | Reached skill level 4 in Spellcasting
   620 | D:2      | Reached XP level 3. HP: 19/19 MP: 6/10
   631 | D:2      | Noticed Ijyb
   652 | D:2      | Killed Ijyb
   652 | D:2      | Reached skill level 5 in Conjurations
   852 | D:4      | Noticed Natasha
   858 | D:4      | Killed Natasha
   858 | D:4      | Reached XP level 4. HP: 24/24 MP: 7/12
   906 | D:4      | Learned a level 4 spell: Iskenderun's Mystic Blast
   990 | D:4      | Noticed Borgoz's ghost (amateur KoBe)
   995 | D:5      | Entered Level 5 of the Dungeon
   995 | D:5      | Noticed Pikel
   995 | D:5      | Noticed a slave
   995 | D:5      | Noticed a slave
   995 | D:5      | Noticed a slave
   995 | D:5      | Noticed a slave
  1008 | D:4      | Slain by Pikel

Vault maps used:
D:1:      dpeg_arrival_ratfight
D:2:      minmay_shallow_snake_nest, uniq_sigmund, uniq_iyjb
D:3:      lemuel_round_altar, first_bread, grunt_ministairs_1,
          kennysheep_generic_room_15
D:4:      minmay_misc_feat_columns, corexii_leaking_fountain,
          minmay_joined_circles, uniq_natasha
D:5:      lemuel_crystal_altar, uniq_crazy_yiuf_cottage, uniq_pikel

Vanquished Creatures
  Ijyb Natasha
  An adder
  2 bats
  2 giant cockroaches
  4 goblins
  2 hobgoblins
  3 jackals
  2 kobolds
  A quokka
  6 rats
25 creatures vanquished.
